 Dungeon Crawl Stone Soup version 0.28.0-45-g0d030f2227 (webtiles) character file.

Game seed: 2356681890020447338

82 pkoi the Ruffian (level 4, -2/37 HPs)
             Began as a Demigod Gladiator on Apr 4, 2022.
             Slain by a river rat (5 damage)
             ... in a sewer.
             The game lasted 00:03:39 (2734 turns).

pkoi the Ruffian (Demigod Gladiator)                Turns: 2734, Time: 00:03:39

Health: -2/37      AC:  5    Str: 19    XL:     4   Next: 1%
Magic:  15/15      EV: 12    Int: 10    God:
Gold:   54         SH:  0    Dex: 15    Spells: 3/3 levels left

rFire   . . .      SeeInvis .     - Unarmed
rCold   . . .      Faith    .   (no shield)
rNeg    . . .      Spirit   .   a - +0 leather armour
rPois   .          Reflect  .   b - +1 helmet
rElec   .          Harm     .   (no cloak)
rCorr   .          Rampage  .   (no gloves)
Will    .....                   (no boots)
Stlth   +.........              (no amulet)
HPRegen 0.12/turn               n - ring of magical power
MPRegen 0.14/turn               (no ring)

@: no status effects
A: high MP 1, forlorn, divine attributes
a: no special abilities


You were in a sewer.
You visited 1 branch of the dungeon, and saw 3 of its levels.
You also visited: Sewer.

You collected 54 gold pieces.

Inventory:

Hand Weapons
 q - a +0 short sword
Missiles
 c - 4 throwing nets (quivered)
 d - 4 javelins
 m - 10 poisoned darts
Armour
 a - a +0 leather armour (worn)
 b - a +1 helmet (worn)
Jewellery
 n - a ring of magical power (left hand)
Scrolls
 e - 2 scrolls of identify
Potions
 i - 2 potions of attraction
 j - a potion of heal wounds
 l - a potion of curing


   Skills:
 + Level 2.7 Fighting
 - Level 1.7 Throwing
 - Level 2.6 Dodging
 * Level 4.1 Unarmed Combat


You had 3 spell levels left.
You didn't know any spells.
Your spell library contained the following spells:

 Spells                   Type           Power      Damage    Failure   Level
 Pain                     Necr           0%         1d4       41%         1
 Gell's Gravitas          Tloc           0%         N/A       80%         3
 Ozocubu's Armour         Ice            0%         N/A       80%         3
 Teleport Other           Tloc           0%         N/A       80%         3
 Agony                    Necr           0%         N/A       100%        5
 Excruciating Wounds      Necr           0%         N/A       100%        5
 Dispersal                Tloc           0%         N/A       100%        6
 Ozocubu's Refrigeration  Ice            0%         4d5       100%        7


Dungeon Overview and Level Annotations

Branches:
Dungeon (3/15)              Sewer (1/1)

Shops:
D:3 [


Innate Abilities, Weirdness & Mutations

You have an increased reservoir of magic. (+10% MP)
You shall have no god before yourself.
Your divine heritage dramatically boosts your attributes as you level up.


Message History

* * * LOW HITPOINT WARNING * * *
The rat bites you but does no damage.
You closely miss the adder.
The adder is heavily wounded.
The adder bites you.
* * * LOW HITPOINT WARNING * * *
The river rat closely misses you.
The rat splashes around in the water.
The adder bites you but does no damage.
Unknown command.
You completely miss the adder.
The adder is heavily wounded.
The adder closely misses you. The river rat bites you.
* * * LOW HITPOINT WARNING * * *
Unknown command.
You barely miss the adder.
The adder is heavily wounded.
The rat barely misses you. The adder barely misses you.
The river rat closely misses you.
Unknown command.
You barely miss the adder. Your punch misses the adder.
The adder is heavily wounded.
The rat bites you but does no damage. The adder barely misses you.
Unknown command.
You closely miss the adder.
The adder is heavily wounded.
The adder bites you.
* * * LOW HITPOINT WARNING * * *
The river rat bites you.
* * * LOW HITPOINT WARNING * * *
The rat misses you.
You hit the adder.
You kill the adder!
The river rat barely misses you. The rat barely misses you.
You have reached level 4!
You hit the river rat but do no damage. The river rat bites you.
* * * LOW HITPOINT WARNING * * *
The rat bites you but does no damage.
Unknown command.
You barely miss the river rat. The river rat bites you.
You die...

#≈≈≈≈≈≈#
#≈≈≈≈≈≈#
#≈≈≈≈≈≈#
#≈≈≈≈≈≈#
#≈≈≈≈≈≈#
#≈≈#≈≈≈#
#≈≈≈≈.≈#
#≈≈≈≈≈≈#
#≈@r#≈≈#
#≈≈r≈≈≈#
#≈rrr≈≈#
#≈≈≈≈≈≈#
#≈≈≈≈≈≈#
#≈≈≈≈≈≈#
#..≈.≈.#
#......#
......##


You could see a river rat and 4 rats.

Vanquished Creatures
  4 adders
  2 worms (D:3)
  A dart slug (D:2)
  6 ball pythons
  3 bats
  4 endoplasms
  4 giant cockroaches
  A goblin (D:3)
  4 hobgoblins
  3 quokkas
  A frilled lizard (D:2)
  4 rats
37 creatures vanquished.

Notes
Turn   | Place    | Note
-------+----------+-------------------------------------------
     0 | D:1      | pkoi the Demigod Gladiator began the quest for the Orb.
     0 | D:1      | Reached XP level 1. HP: 17/17 MP: 3/3
   301 | D:1      | Reached skill level 3 in Unarmed Combat
   481 | D:1      | Reached XP level 2. HP: 24/24 MP: 4/4
  1226 | D:2      | Reached XP level 3. HP: 17/30 MP: 5/5
  2499 | D:3      | Found Simorif's Armour Boutique.
  2538 | D:3      | Reached skill level 4 in Unarmed Combat
  2613 | D:3      | Found a glowing drain.
  2637 | Sewer    | Entered a sewer
  2733 | Sewer    | Reached XP level 4. HP: 6/37 MP: 6/6
  2734 | Sewer    | Slain by a river rat

Illustrated notes

Levels and vault maps discovered:
D:1:      psy_arrival_conway, layout_basic, shapermc_ecumenical_altar_acropolis
D:2:      layout_loops_cross, basic_altar
D:3:      layout_basic, serial_shops, nicolae_shop_stone, shop,
          nicolae_shop_trees, portal_sewer_entry_a, uniq_grinder
Sewer:    sewer_minmay_w

Skill      XL: |  1  2  3 |
---------------+----------+-----
Fighting       | 2 |  2.7
Unarmed Combat | 3 4 |  4.1
Throwing       | |  1.7
Dodging        | |  2.6

Action                   |  1- 3 |  4- 6 || total
-------------------------+-------+-------++-------
Melee: Unarmed           |   160 |     2 ||   162
       Punch             |     6 |       ||     6
  Use: Scroll            |     9 |       ||     9
 Stab: Sleeping          |     2 |       ||     2
Armor: Leather armour    |    50 |     1 ||    51
Dodge: Dodged            |   114 |       ||   114
